 Dungeon Sprint DCSS version 0.26-a0-1184-g95e395e029 (webtiles) character file.

Game seed: 116551735351154004

3288 reriks the Fighter (level 10, -5/72 HPs)
             Began as a Gargoyle Berserker on Dec 27, 2020.
             Was a High Priest of Trog.
             Slain by a tentacle (9 damage)
             ... attached to a kraken
             ... in the Dungeon (Sprint II: "The Violet Keep of Menkaure").
             The game lasted 00:07:12 (2198 turns).

reriks the Fighter (Gargoyle Berserker)             Turns: 2198, Time: 00:07:12

Health: -5/72      AC: 29    Str: 38    XL:     10   Next: 1%
Magic:  6/6        EV: 17    Int: 12    God:    Trog [*****.]
Gold:   271        SH:  0    Dex:  9    Spells: 9/9 levels left

rFire    . . .     SeeInvis .   k - +8 spear of Extermination {antimagic, *Noise *Drain +Inv Str+10}
rCold    . . .     Faith    .   (no shield)
rNeg     + . .     Spirit   .   j - +5 plate armour of Deymeesh {Str+4 Int+4 Slay-4}
rPois    ∞         Reflect  .   A - +0 helmet
rElec    +         Harm     .   (no cloak)
rCorr    .         Rampage  .   (no gloves)
Will     .....     NoTele   +   (no boots)
Stlth    ..........             (no amulet)
HPRegen  0.22/turn              q - +4 ring of evasion
MPRegen  0.10/turn              v - ring of magical power

@: no status effects
A: negative energy resistance 1, electricity resistance, unbreathing,
petrification resistance, miasma immunity, AC +7
a: Renounce Religion, Evoke Invisibility, Berserk, Trog's Hand, Brothers in Arms


You were in the Dungeon.
You worshipped Trog.
Trog was extremely pleased with you.
You visited 1 branch You collected 1183 gold pieces.
You spent 912 gold pieces at shops.

Inventory:

Hand Weapons
 a - a +0 hand axe
 k - the +8 spear of Extermination (weapon) {antimagic, *Noise *Drain +Inv Str+10}
   (You bought it in a shop in the Dungeon)

   It reduces the magical energy of the wielder, and disrupts the spells and
   magical abilities of those hit.
   Natural abilities and divine invocations are not affected.
   It affects your strength (+10).
   It lets you turn invisible.
   It may make noises in combat.
   It causes draining when unequipped.
 l - a +0 broad axe of flaming
 m - a +7 glaive of flaming
Armour
 b - a +0 animal skin
 j - the +5 plate armour of Deymeesh (worn) {Str+4 Int+4 Slay-4}
   (You bought it in a shop in the Dungeon)

   It affects your strength (+4).
   It affects your intelligence (+4).
   It affects your accuracy and damage with ranged weapons and melee attacks
   (-4).
 A - a +0 helmet (worn)
Jewellery
 q - a +4 ring of evasion (left hand)
 v - a ring of magical power (right hand)
Scrolls
 h - 3 scrolls of blinking
 i - a scroll of remove curse
 o - 5 scrolls of identify
 r - a scroll of immolation
Potions
 c - 2 potions of curing
 d - a potion of heal wounds
 e - a potion of haste
 f - 5 potions of magic
 g - a potion of berserk rage
 p - a potion of attraction {unknown}
 s - 3 potions of flight {unknown}
 w - a potion of degeneration {unknown}
 x - 4 potions of resistance {unknown}
 z - 2 potions of brilliance {unknown}


   Skills:
 + Level 12.3 Fighting
 - Level 9.1(10.1) Axes
 * Level 7.2(9.3) Polearms
 + Level 12.1 Armour
 + Level 9.5 Dodging


You had 9 spell levels left.
You didn't know any spells.
Your spell library was empty.

Dungeon Overview and Level Annotations

Branches:
Dungeon (1/1)

Altars:
Dithmenos
Elyvilon
Fedhas
Gozag
Kikubaaqudgha
Makhleb
Nemelex Xobeh
Okawaru
Qazlal
Ru
Sif Muna
Trog
Uskayaw
Vehumet
Wu Jian
Xom
Yredelemnul
Zin
The Shining One
Jiyva
Lugonu

Shops:
D :?[=*!=(?:}:!:[

Annotations:
D exclusion: oklob plant


Innate Abilities, Weirdness & Mutations

You are resistant to torment.
Your stone body is resilient. (AC +7)
You are immune to poison.
You resist negative energy. (rN+)
You are resistant to electric shocks. (rElec)
You can survive without breathing.
You are immune to petrification.
You are immune to miasma.


Message History

The tentacle slaps you!
* * * LOW HITPOINT WARNING * * *
You closely miss the tentacle.
The tentacle is severely wounded.
The tentacle slaps you.
* * * LOW HITPOINT WARNING * * *
You hit the tentacle.
The tentacle is almost dead.
The tentacle misses you.
You barely miss the tentacle.
The tentacle is severely wounded.
The tentacle slaps you but does no damage.
You hit the tentacle.
The tentacle is almost dead.
The tentacle slaps you!
* * * LOW HITPOINT WARNING * * *
The tentacle closely misses you. The tentacle misses you.
The tentacle closely misses you. The tentacle slaps you!
You die...

*,,,+○°.▓0..▓,,,,,**********++***
***,#.°.▓▓▓▓▓▓▓▓▓▓*******,,,,,,,,
,,**#°..▓≈≈≈≈≈≈≈≈▓▓*,,,,*,++++++,
,,*,*#)°▓▓▓▓▓▓▓▓▓▓▓*+**,*,+≈,,≈+,
,,*,,#)[▓[...)...▓▓,,,*,*,+≈,,≈+,
#.*,,#:|▓.((.(...▓▓,⌠,*,*,+≈,,≈+,
+.##.#)=▓.((....=▓▓,,,*,*,+≈,,≈+,
*...####▓.[..))..▓▓,,,*,*,+≈,,≈+,
*#..##.#▓...(..[@▓▓,,,*,*,+≈,,≈+,
,+..#..#▓.[....w.▓▓,,,*,*,+≈,,≈+,
,#.^#.)#▓.).[(│..▓▓,⌠,*,*,*≈,,≈*,
##..##†#▓..(.)│(.▓▓,,,*^*,*≈,,≈*,
###^..##▓▓▓▓▓▓▓\▓▓▓▓+▓*,***≈,,≈**
..≈≈≈≈≈≈≈≈≈≈≈≈≈.\wXw≈▓,,,,,,,,**
..≈#+########+###V≈w≈▓,,,,,,,**
..≈#_._._...#≈≈≈##≈≈≈▓,,,,,,**
≈.≈#._._._._#§§≈§####▓****≈**


You could see a kraken and 2 tentacles.

Vanquished Creatures
  A death drake (D)
  A merfolk siren (D)
  A yaktaur (D)
  3 polar bears (D)
  A hornet (D)
  2 wyverns (D)
  2 water moccasins (D)
  A swamp drake (D)
  4 necrophages (D)
  A scorpion (D)
  9 electric eels (D)
  4 worker ants (D)
30 creatures vanquished.

Vanquished Creatures (others)
  Menkaure (D)
  12 tentacles (D)
13 creatures vanquished.

Grand Total: 43 creatures vanquished

Notes
Turn   | Place    | Note
-------+----------+-------------------------------------------
     0 | D        | reriks the Gargoyle Berserker began the quest for the Orb.
     0 | D        | Reached XP level 1. HP: 14/14 MP: 1/1
     1 | D        | Noticed a wyvern
     1 | D        | Noticed a wyvern
     5 | D        | Noticed a worker ant
     5 | D        | Noticed a worker ant
     5 | D        | Noticed a worker ant
     5 | D        | Noticed a worker ant
     8 | D        | Killed Menkaure
     9 | D        | Killed a worker ant
    10 | D        | Reached XP level 2. HP: 20/20 MP: 2/2
    13 | D        | Reached skill level 5 in Fighting
    13 | D        | Reached XP level 3. HP: 26/26 MP: 3/3
    20 | D        | Reached ** piety under Trog
    21 | D        | Reached XP level 4. HP: 31/31 MP: 4/4
    25 | D        | Reached skill level 5 in Armour
    70 | D        | Noticed a merfolk siren
    88 | D        | Killed a merfolk siren
    89 | D        | Reached XP level 5. HP: 22/40 MP: 5/5
    89 | D        | Reached XP level 6. HP: 25/45 MP: 6/6
    89 | D        | Reached XP level 7. HP: 28/50 MP: 7/7
   207 | D        | Reached *** piety under Trog
   272 | D        | Killed a wyvern
   272 | D        | Reached **** piety under Trog
   273 | D        | Reached skill level 10 in Fighting
   273 | D        | Reached XP level 8. HP: 57/57 MP: 8/8
   278 | D        | Killed a wyvern
   279 | D        | Reached skill level 10 in Armour
   408 | D        | Found Tevi's Antique Armour Shop.
   408 | D        | Found Derr's Book Boutique.
   408 | D        | Found Zexzogg's Gadget Shop.
   408 | D        | Found Beddai's Antique Weapon Boutique.
   408 | D        | Found Agouth's Book Shop.
   408 | D        | Found Uzyok's Jewellery Boutique.
   409 | D        | Found Upleyxac's Distillery.
   409 | D        | Found Xoqyun's Assorted Antiques.
   409 | D        | Found Dadgh's Jewellery Boutique.
   409 | D        | Found Olathreez's Distillery.
   410 | D        | Found Surugel's Antique Armour Shop.
   410 | D        | Found Midghudea's Magic Scroll Boutique.
   410 | D        | Noticed a redback
   411 | D        | Found Onann's Book Boutique.
   411 | D        | Found Wuguokh's Magic Scroll Shop.
   412 | D        | Noticed a redback
   412 | D        | Noticed an oklob plant
   481 | D        | Found Yrghil's Book Shoppe.
   725 | D        | Bought an obsidian-encrusted plate armour for 784 gold
                  | pieces
   735 | D        | Identified the +5 plate armour of Deymeesh {Str+4 Int+4
                  | Slay-4} (You bought it in a shop in the Dungeon)
   742 | D        | Bought a twisted spear for 128 gold pieces
   742 | D        | Identified the +8 spear of Extermination {antimagic, *Noise
                  | *Drain +Inv Str+10} (You bought it in a shop in the
                  | Dungeon)
   743 | D        | Noticed a cane toad
   743 | D        | Noticed a cane toad
  1047 | D        | Reached ***** piety under Trog
  1053 | D        | Reached skill level 1 in Polearms
  1235 | D        | Received a gift from Trog
  1486 | D        | Reached XP level 9. HP: 63/64 MP: 3/9
  1511 | D        | Found an iron altar of Okawaru.
  1511 | D        | Found an opulent altar of Gozag.
  1512 | D        | Found a sparkling altar of Nemelex Xobeh.
  1512 | D        | Found a blossoming altar of Fedhas.
  1513 | D        | Found a radiant altar of Vehumet.
  1513 | D        | Found a burning altar of Makhleb.
  1513 | D        | Found a white marble altar of Elyvilon.
  1514 | D        | Found a hide-covered altar of Uskayaw.
  1514 | D        | Found a corrupted altar of Lugonu.
  1514 | D        | Found a shadowy altar of Dithmenos.
  1515 | D        | Found a glowing silver altar of Zin.
  1515 | D        | Found a bloodstained altar of Trog.
  1515 | D        | Found an ancient bone altar of Kikubaaqudgha.
  1516 | D        | Found a basalt altar of Yredelemnul.
  1516 | D        | Found a shimmering blue altar of Sif Muna.
  1516 | D        | Found a viscous altar of Jiyva.
  1517 | D        | Found a shimmering altar of Xom.
  1517 | D        | Found a sacrificial altar of Ru.
  1518 | D        | Found a glowing golden altar of the Shining One.
  1518 | D        | Found an ornate altar of the Wu Jian Council.
  1520 | D        | Noticed a yaktaur
  1520 | D        | Noticed a hornet
  1520 | D        | Noticed a polar bear
  1520 | D        | Noticed a polar bear
  1527 | D        | Killed a polar bear
  1531 | D        | Noticed a polar bear
  1533 | D        | Killed a polar bear
  1540 | D        | Killed a hornet
  1541 | D        | Reached skill level 5 in Polearms
  1548 | D        | Killed a polar bear
  1548 | D        | Received a gift from Trog
  1560 | D        | Killed a yaktaur
  1661 | D        | Noticed a death drake
  1698 | D        | Killed a death drake
  1699 | D        | Reached XP level 10. HP: 72/72 MP: 3/10
  1700 | D        | Found a stormy altar of Qazlal.
  1706 | D        | Noticed a kraken
  2195 | D        | HP: 3/72 [tentacle[a kraken] (13)]
  2198 | D        | Slain by a tentacle

Illustrated notes

Levels and vault maps discovered:
D:        the_violet_keep_of_menkaure [sprint2_stairs_cluster_1,
          sprint2_shoproom, sprint2_temple, sprint2_basic_supplies,
          sprint2_obstacle_7, sprint2_obstacle_6, sprint2_obstacle_1,
          sprint2_obstacle_3, sprint2_obstacle_2, sprint2_timed_cluster_1,
          sprint2_smallroom_cluster_1, sprint2_smallroom_final_cluster_1,
          sprint2_transparent_cluster_1, sprint2_second_timed_cluster_1,
          sprint2_sniper_area_1, sprint2_heavy_combat_area_1,
          sprint2_mutation_trap_area_1, sprint2_forest_area_1,
          sprint2_light_combat_area_1, sprint2_behind_water_1,
          sprint2_near_end_vault_1]

Skill      XL: |  1  2  3  4  5  6  7  8  9 |
---------------+----------------------------+-----
Fighting       | 4 5 8 10 11 12 | 12.3
Axes           | 3 4 7 8 9 |  9.1
Armour         | 3 4 8 9 10 12 | 12.1
Dodging        | 2 3 6 7 8 9 |  9.5
Polearms       | 2 7 |  7.2

Action                   |  1- 3 |  4- 6 |  7- 9 | 10-12 || total
-------------------------+-------+-------+-------+-------++-------
Melee: Hand axe          |    13 |    19 |    48 |       ||    80
       Spear             |       |       |   142 |    28 ||   170
Invok: Berserk           |     1 |     1 |     6 |       ||     8
       Trog's Hand       |       |     1 |     1 |       ||     2
  Use: Scroll            |       |       |       |     7 ||     7
 Stab: Confused          |       |       |     1 |       ||     1
Armor: Animal skin       |     2 |     6 |    12 |       ||    20
       Plate armour      |       |       |    39 |    15 ||    54
Dodge: Dodged            |     8 |     9 |    63 |    21 ||   101

Table legend: (Time is in decaauts)
 A = Elapsed time spent in this place.
 B = Non-inter-level travel time spent in this place.
 C = Inter-level travel time spent in this place.
 D = Time resting spent in this place.
 E = Time spent auto-exploring this place.
 F = Levels seen in this place.
 G = Mean time per level.
                   A        B        C        D        E       F      G
               +--------+--------+--------+--------+--------+-----+--------+
         Total |   2263 |   2263 |      0 |   1670 |     78 |   1 | 2263.0 |
       Dungeon |   2263 |   2263 |      0 |   1670 |     78 |   1 | 2263.0 |
               +--------+--------+--------+--------+--------+-----+--------+

Top non-repeatable levels by time:
       D: 2263 daAuts
